 Dungeon Crawl Stone Soup version 0.30.1-9-gdf580d7c3d (webtiles) character file.

Game seed: 16569894796661011694

23993 Dillybarz the Severer (level 12, -2/112 HPs)
             Began as a Minotaur Fighter on Oct 4, 2023.
             Was a High Priest of Okawaru.
             Slain by Urug
             ... wielding a +2 eveningstar of flaming
              (6 damage)
             ... on level 4 of the Lair of Beasts.
             The game lasted 01:00:19 (12879 turns).

Dillybarz the Severer (Minotaur Fighter)           Turns: 12879, Time: 01:00:20

Health: -2/112     AC: 23    Str: 27    XL:     12   Next: 76%
Magic:  14/14      EV:  7    Int:  5    God:    Okawaru [*****.]
Gold:   1130       SH:  8    Dex: 15    Spells: 11/11 levels left

rFire   . . .        N - +2 hand axe (freeze)
rCold   . . .        c - +0 buckler
rNeg    . . .        O - +7 ring mail of the Ten of Swords {Rampage Dex+6}
rPois   +            R - +2 hat
rElec   .            j - +0 cloak
rCorr   .            f - +2 pair of gloves
SInv    .            (no boots)
Will    .....        v - amulet of regeneration
Stlth   ++           g - ring of poison resistance
HPRegen 1.18/turn    E - ring of flight
MPRegen 0.14/turn

%: rampage
@: heroic, petrifying (expiring), flying, very slow
A: horns 2, retaliatory headbutt
a: Renounce Religion, Heroism, Finesse, Duel


You were on level 4 of the Lair of Beasts.
You worshipped Okawaru.
Okawaru was extremely pleased with you.
You visited 3 branches of the dungeon, and saw 15 of its levels.
You also visited: Ossuary.

You collected 1130 gold pieces.

Inventory:

Hand Weapons
 a - a +1 war axe
 N - a +2 hand axe of freezing (weapon)
Missiles
 m - 7 boomerangs
 p - 124 stones
 C - 6 throwing nets
 D - 7 curare-tipped darts
 F - 3 atropa-tipped darts
 M - 6 poisoned darts
Armour
 c - a +0 buckler (worn)
 f - a +2 pair of gloves (worn)
 j - a +0 cloak (worn)
 O - the +7 ring mail of the Ten of Swords (worn) {Rampage Dex+6}
   (You found it on level 10 of the Dungeon)

   Dex:       It affects your dexterity (+6).
   Rampage:   It bestows one free step when moving towards enemies.
 R - a +2 hat (worn)
 U - the +0 scale mail "Lupokk" {+Blink rF+++ MP-9 Stlth+}
   (Okawaru gifted it to you on level 2 of the Lair of Beasts)

   rF:        It renders you almost immune to fire.
   MP:        It affects your magic capacity (-9).
   +Blink:    It lets you blink.
   Stlth:     It makes you more stealthy.
Jewellery
 g - a ring of poison resistance (left hand)
 v - an amulet of regeneration (around neck)
 E - a ring of flight (right hand)
 L - a ring of ice
 S - the amulet of Elemental Vulnerability {rPois rF-- rC-- AC+8}
   (You found it on level 2 of the Lair of Beasts)

   [amulet of nothing]

   AC:        It affects your AC (+8).
   rF:        It makes you very vulnerable to fire.
   rC:        It makes you very vulnerable to cold.
   rPois:     It protects you from poison.
Wands
 b - a wand of digging (12)
 e - a wand of light (21)
 o - a wand of mindburst (9)
 A - a wand of flame (13) (quivered)
 G - a wand of iceblast (21)
Scrolls
 i - 2 scrolls of poison
 l - 4 scrolls of teleportation
 u - 3 scrolls of fog
 y - 2 scrolls of vulnerability
 B - 5 scrolls of identify
 I - a scroll of fear
 J - 2 scrolls of blinking
 K - 2 scrolls of enchant weapon
Potions
 d - 4 potions of might
 h - 3 potions of magic
 k - 7 potions of flight
 n - 2 potions of ambrosia
 q - a potion of haste
 r - 3 potions of heal wounds
 s - a potion of cancellation
 t - 4 potions of lignification
 w - 4 potions of mutation
 x - 2 potions of berserk rage
 z - 9 potions of curing
 H - 3 potions of attraction
 P - a potion of invisibility


   Skills:
 + Level 11.8(16.8) Fighting
 * Level 15.7(20.7) Axes
 + Level 3.4(8.4) Throwing
 + Level 11.7(16.7) Armour
 + Level 11.7(16.7) Shields
 - Level 5.0 Invocations


You had 11 spell levels left.
You didn't know any spells.
Your spell library contained the following spells:

 Spells                   Type           Power      Damage    Failure   Level
 Magic Dart               Conj           0%         1d3       58%         1
 Ensorcelled Hibernation  Hex/Ice        0%         N/A       73%         2
 Lesser Beckoning         Tloc           0%         N/A       73%         2
 Passwall                 Tmut/Erth      0%         N/A       73%         2
 Gell's Gravitas          Tloc           0%         N/A       91%         3
 Mephitic Cloud           Conj/Pois/Air  0%         N/A       91%         3
 Swiftness                Air            0%         N/A       91%         3
 Teleport Other           Tloc           0%         N/A       91%         3
 Cause Fear               Hex            0%         N/A       100%        4
 Alistair's Intoxication  Tmut/Pois      0%         N/A       100%        5
 Borgnjor's Vile Clutch   Necr/Erth      0%         N/A       100%        5
 Dispersal                Tloc           0%         N/A       100%        6
 Eringya's Noxious Bog    Tmut/Pois      0%         N/A       100%        6
 Dragon Form              Tmut           0%         N/A       100%        7
 Orb of Destruction       Conj           0%         9d5       100%        7
 Chain Lightning          Conj/Air       0%         N/A       100%        9
 Fire Storm               Conj/Fire      0%         5d1       100%        9
 Shatter                  Erth           0%         3d5*      100%        9
 Call Imp                 Summ           Unusable   N/A       N/A         2
 Summon Guardian Golem    Hex/Summ       Unusable   N/A       N/A         3
 Spellforged Servitor     Conj/Summ      Unusable   N/A       N/A         7
 Dragon's Call            Summ           Unusable   N/A       N/A         9

Dungeon Overview and Level Annotations

Branches:
Dungeon (10/15)            Temple (1/1) D:5            Lair (4/5) D:9
 Shoals (0/4) Lair:2        Snake (0/4) Lair:3          Orc (0/2) D:10
Ossuary (visited)
  Slime: Lair:4-5

Altars:
Ashenzari
Cheibriados
Dithmenos
Elyvilon
Fedhas
Gozag
Hepliaklqana
Kikubaaqudgha
Makhleb
Nemelex Xobeh
Okawaru
Qazlal
Ru
Sif Muna
Trog
Uskayaw
Vehumet
Wu Jian
Xom
Yredelemnul
Zin
The Shining One

Annotations:
D:4 exclusion: statue
D:8 2 transporters, Fractals's ghost, novice DsGl
Lair:4 Urug


Innate Abilities, Weirdness & Mutations

You have a pair of horns on your head.
You reflexively headbutt those who attack you in melee.


Message History

The catoblepas is moderately wounded.
You slash the yak! You freeze the yak. You hit Urug. You freeze Urug.
The catoblepas breathes a plume of calcifying dust at you.
The blast of calcifying dust hits you but does no damage.
Urug hits you with a +2 eveningstar of flaming!!
* * * LOW HITPOINT WARNING * * *
Urug burns you.
* * * LOW HITPOINT WARNING * * *
You block the yak's attack.
You slash the catoblepas! You freeze the catoblepas.
You headbutt the catoblepas.
The catoblepas is heavily wounded.
You hit Urug. You freeze Urug. You hit the yak. You freeze the yak.
You are engulfed in calcifying dust.
You are slowing down.
Urug hits you with a +2 eveningstar of flaming!
* * * LOW HITPOINT WARNING * * *
Urug burns you.
* * * LOW HITPOINT WARNING * * *
The catoblepas gores you!
* * * LOW HITPOINT WARNING * * *
The yak gores you.
* * * LOW HITPOINT WARNING * * *
Unknown command.
Unknown command.
You barely miss the catoblepas.
The catoblepas is heavily wounded.
You hit the yak. You freeze the yak.
You kill the yak!
Okawaru accepts your kill.
You hit Urug but do no damage.
You are engulfed in calcifying dust.
You slash the catoblepas! You freeze the catoblepas!
The catoblepas is severely wounded.
You hit Urug. You freeze Urug.
You are engulfed in calcifying dust.
Your limbs have turned to stone.
Urug stares with her one eyeball.
Urug hits you with a +2 eveningstar of flaming!
* * * LOW HITPOINT WARNING * * *
Urug burns you!
You die...

##..........#..##.##.. ##
.......Y................ .
#.##....F..............# .# #
##.###.F#....###....##.#
###.###.#..#..#.#....#P.#
...?##.l.FY##........<..#
#....##S#.k##.####...##.#.
##.P #.Yo#Y##.##..........
#..## #..#@.###........##.. #
##..###..§†..##............
#..#..#.#..§...###.#P.........
#..............#..#..P~PPP...
#.........^..####...~PP~~~..~
########..###.# ####~P~~~P~~P
#### ## #~~PP~~P~P #~~~~PPP~~
##~~~P≈≈~~


You could see a catoblepas, Urug, a komodo dragon, 2 yaks, a rime drake and a
water moccasin.

Vanquished Creatures
  Gastronok (Lair:1)
  Fannar (D:10)
  A hydra (Lair:4)
  Erica (Lair:1)
  A two-headed ogre (D:10)
  Sonja (Lair:2)
  A salamander (Lair:3)
  Joseph (D:7)
  A torpor snail (Lair:2)
  A black mamba (Lair:1)
  4 cane toads
  2 rime drakes
  A komodo dragon (Lair:1)
  2 polar bears
  A troll (D:5)
  A hornet (D:9)
  Prince Ribbit (D:7)
  14 blink frogs
  A snapping turtle (Lair:2)
  6 dream sheep (Lair:3)
  6 wyverns
  A wraith (D:9)
  16 yaks
  2 basilisks
  5 steam dragons
  A warg (D:10)
  Duvessa (D:7)
  12 water moccasins
  9 ice beasts
  2 orc warriors
  3 black bears
  3 ogres
  15 wolves
  9 centaurs
  A phantom (D:4)
  A kobold brigand (D:8)
  12 bullfrogs
  An elf zombie (Ossuary)
  6 scorpions
  Dowan (D:7)
  6 killer bees (D:7)
  2 electric eels (Lair:2)
  2 lava snakes (Lair:3)
  Crazy Yiuf (D:2)
  2 jellies
  4 orc priests
  3 gnoll boudas
  4 hounds
  A sleepcap (D:8)
  Jessica (D:2)
  3 iguanas
  5 orc wizards
  Terence (D:3)
  2 mummies (Ossuary)
  13 gnolls
  6 adders
  A shadow imp (D:6)
  4 white imps
  An ufetubus (D:6)
  3 worms
  2 dart slugs
  28 orcs
  7 bats
  5 endoplasms
  6 giant cockroaches
  5 gnoll zombies (Ossuary)
  8 goblins
  10 hobgoblins
  13 jackals
  13 kobolds
  3 quokkas
  8 ball pythons
  9 frilled lizards
  A goblin zombie (Ossuary)
  2 hobgoblin zombies (Ossuary)
  5 orc zombies (Ossuary)
  8 rats
348 creatures vanquished.

Vanquished Creatures (others)
  A bullfrog (Lair:4)
1 creature vanquished.

Grand Total: 349 creatures vanquished

Notes
Turn   | Place    | Note
-------+----------+-------------------------------------------
     0 | D:1      | Dillybarz the Minotaur Fighter began the quest for the Orb.
     0 | D:1      | Reached XP level 1. HP: 19/19 MP: 0/0
    44 | D:1      | Reached XP level 2. HP: 27/27 MP: 1/1
    50 | D:1      | Reached skill level 3 in Axes
   135 | D:1      | Reached XP level 3. HP: 23/33 MP: 2/2
  1285 | D:2      | Found a runed translucent door.
  1286 | D:2      | Noticed Crazy Yiuf
  1295 | D:2      | Killed Crazy Yiuf
  1296 | D:2      | Reached XP level 4. HP: 9/40 MP: 3/3
  1534 | D:2      | Reached skill level 4 in Axes
  1676 | D:2      | Found a blossoming altar of Fedhas.
  2042 | D:2      | Noticed Jessica
  2052 | D:2      | Killed Jessica
  2437 | D:3      | Noticed Terence
  2456 | D:3      | Killed Terence
  2457 | D:3      | Reached XP level 5. HP: 41/47 MP: 4/4
  3296 | D:4      | Found a sparkling altar of Nemelex Xobeh.
  3483 | D:4      | Found an ornate altar of the Wu Jian Council.
  3483 | D:4      | Found a snail-covered altar of Cheibriados.
  3750 | D:4      | Noticed a phantom
  3760 | D:4      | Killed a phantom
  3761 | D:4      | Reached skill level 5 in Fighting
  3761 | D:4      | Reached skill level 5 in Axes
  3761 | D:4      | Reached XP level 6. HP: 56/56 MP: 5/5
  3769 | D:4      | Found a radiant altar of Vehumet.
  3844 | D:4      | You fall into a shaft and drop 1 floor!
  3844 | D:5      | Entered Level 5 of the Dungeon
  3981 | D:5      | Reached skill level 5 in Shields
  3988 | D:5      | Reached skill level 5 in Armour
  4055 | D:5      | Reached skill level 6 in Axes
  4055 | D:5      | Reached XP level 7. HP: 61/61 MP: 6/6
  4059 | D:5      | Found a bloodstained altar of Trog.
  4059 | D:5      | Found a blossoming altar of Fedhas.
  4261 | D:5      | Found a staircase to the Ecumenical Temple.
  4266 | Temple   | Entered the Ecumenical Temple
  4273 | Temple   | Became a worshipper of Warmaster Okawaru
  4408 | D:4      | Found a basalt altar of Yredelemnul.
  4629 | D:4      | Reached skill level 7 in Axes
  4836 | D:5      | Reached XP level 8. HP: 70/70 MP: 7/7
  4860 | D:5      | Noticed a troll
  4912 | D:5      | Killed a troll
  4912 | D:5      | Reached * piety under Okawaru
  4913 | D:5      | Reached skill level 8 in Axes
  5150 | D:5      | Found a broken altar of Ashenzari.
  5212 | D:5      | Found a shadowy altar of Dithmenos.
  5646 | D:6      | Reached skill level 9 in Axes
  5823 | D:6      | Reached XP level 9. HP: 79/79 MP: 8/8
  5990 | D:6      | Reached ** piety under Okawaru
  6206 | D:7      | Found a sand-covered staircase.
  6215 | Ossuary  | Entered an ossuary
  6394 | D:7      | Identified the +1 trident of the Uplifting Stork {flame,
                  | *Corrode Fragile rF+ Dex+3 Stlth+}
  6410 | D:7      | Noticed Prince Ribbit
  6450 | D:7      | Killed Prince Ribbit
  6451 | D:7      | Reached skill level 1 in Invocations
  6690 | D:7      | Reached skill level 10 in Axes
  6750 | D:7      | Noticed Duvessa
  6751 | D:7      | Noticed Dowan
  6763 | D:7      | Killed Duvessa
  6768 | D:7      | Killed Dowan
  7012 | D:7      | Noticed Joseph
  7033 | D:7      | Killed Joseph
  7176 | D:8      | Found a stormy altar of Qazlal.
  7241 | D:8      | Noticed a centaur warrior
  7242 | D:8      | Noticed Fractals's ghost (novice DsGl)
  7244 | D:8      | Found a transporter.
  7245 | D:8      | Noticed a cyclops
  7418 | D:8      | Found a transporter.
  7626 | D:8      | Reached XP level 10. HP: 90/90 MP: 11/11
  7743 | D:8      | Reached skill level 11 in Axes
  8082 | D:9      | Reached *** piety under Okawaru
  8174 | D:9      | Found a staircase to the Lair.
  8397 | D:9      | Reached **** piety under Okawaru
  8559 | D:9      | Reached skill level 12 in Axes
  9003 | D:10     | Entered Level 10 of the Dungeon
  9003 | D:10     | Noticed Fannar
  9027 | D:10     | Killed Fannar
  9073 | D:10     | Reached ***** piety under Okawaru
  9237 | D:10     | Found a staircase to the Orcish Mines.
  9294 | D:10     | Reached XP level 11. HP: 78/97 MP: 13/13
  9336 | D:10     | Identified the +7 ring mail of the Ten of Swords {Rampage
                  | Dex+6}
  9524 | D:10     | Noticed a two-headed ogre
  9530 | D:10     | Killed a two-headed ogre
  9531 | D:10     | Reached skill level 5 in Invocations
  9757 | Lair:1   | Entered Level 1 of the Lair of Beasts
  9757 | Lair:1   | Noticed Erica
  9769 | Lair:1   | Killed Erica
  9769 | Lair:1   | Received a gift from Okawaru
  9829 | Lair:1   | Reached skill level 13 in Axes
  9832 | Lair:1   | Noticed Gastronok
  9901 | Lair:1   | Killed Gastronok
  9902 | Lair:1   | Reached skill level 10 in Fighting
  9902 | Lair:1   | Reached skill level 10 in Armour
  9902 | Lair:1   | Reached skill level 10 in Shields
 10367 | Lair:1   | Reached skill level 14 in Axes
 10818 | Lair:2   | Found the amulet of Elemental Vulnerability {rPois rF--
                  | rC-- AC+8}
 10935 | Lair:2   | Reached XP level 12. HP: 108/108 MP: 14/14
 10937 | Lair:2   | Identified the +0 scale mail "Lupokk" {+Blink rF+++ MP-9
                  | Stlth+} (Okawaru gifted it to you on level 2 of the Lair of
                  | Beasts)
 10937 | Lair:2   | Received a gift from Okawaru
 10989 | Lair:2   | Noticed Sonja
 11003 | Lair:2   | Killed Sonja
 11225 | Lair:2   | Reached skill level 1 in Throwing
 11392 | Lair:2   | Found a staircase to the Shoals.
 12017 | Lair:3   | Reached skill level 15 in Axes
 12628 | Lair:3   | Found a staircase to the Snake Pit.
 12826 | Lair:4   | Noticed a four-headed hydra
 12827 | Lair:4   | Noticed a catoblepas
 12860 | Lair:4   | Noticed Urug
 12871 | Lair:4   | Killed a 15-headed hydra
 12879 | Lair:4   | HP: 4/112 [Urug/+2 eveningstar of flaming (11)]
 12879 | Lair:4   | Slain by Urug

Illustrated notes

Levels and vault maps discovered:
D:1:      amcnicky_arrival_double_pillar, layout_basic, grunt_decor_resistance,
          minmay_octomino_c4
D:2:      layout_basic, serial_forest, infiniplex_forest_lined_2,
          infiniplex_forest_end_2, infiniplex_forest_end_2,
          infiniplex_forest_corner_2, infiniplex_forest_clump_curved,
          infiniplex_forest_lined_room_3, infiniplex_forest_lined_3,
          infiniplex_forest_zigzag_1, basic_altar, uniq_crazy_yiuf_cottage,
          uniq_jessica
D:3:      layout_basic, uniq_terence
D:4:      minmay_bubble_buster, layout_gridville, vehumet_statue,
          amcnicky_altar_gilded, mainiacjoe_overflow_small_starburst,
          gammafunk_temple_overflow_pools
D:5:      minmay_chambers_of_fours, layout_basic,
          nicolae_dithmenos_through_a_glass_darkly,
          nicolae_overflow_crystal_walls, trog_butcher_becter, fedhas_altar_3,
          temple_doors_ab
D:6:      layout_rooms
D:7:      layout_loops_ring, lightli_ossuary_entry_decrepit_ruins,
          uniq_prince_ribbit1, uniq_duvessa, uniq_joseph
D:8:      layout_loops_ring, grunt_qazlal_clouds, gammafunk_ghost_arena
D:9:      layout_cave_pods, hellmonk_lair_entry_icy, serial_column_ruins,
          column_ruins_grid_3, column_ruins_open_small_water,
          column_ruins_grid_1, column_ruins_grid_1,
          column_ruins_columns_straight, column_ruins_open_small,
          column_ruins_open_small, grunt_ogre_cave, hangedman_decor_slide_cut,
          feat_on_display
D:10:     layout_irregular_city, erik_orc_4, uniq_fannar
Temple:   nicolae_temple_no_exploring_needed
Lair:1:   layout_hall_layers, serial_forest, infiniplex_forest_clump_diagonal,
          infiniplex_forest_lined_room_, infiniplex_forest_clump_cross,
          infiniplex_forest_corner_1, infiniplex_forest_lined_ring,
          infiniplex_forest_zigzag_2, infiniplex_forest_fountain, uniq_erica,
          uniq_gastronok
Lair:2:   layout_layer_cave, minmay_shoals_entry_hut, uniq_sonja
Lair:3:   layout_gridlike, nicolae_snake_entry_warm_welcome,
          serial_bayou_crossing, grunt_megastairs_2
Lair:4:   layout_loops_ring, gammafunk_ghost_grave, portal_ice_cave_rime,
          beast_lair_carwin_9, serial_bayou_shore_a, uniq_urug

Skill      XL: |  1  2  3  4  5  6  7  8  9 10 11 12 |
---------------+-------------------------------------+-----
Axes           | 3 4 5 6 7 9 10 12 14 15 | 15.7
Fighting       | 4 5 6 7 8 9 10 11 | 11.8
Shields        | 4 5 6 7 8 9 10 11 | 11.7
Armour         | 4 5 6 7 8 9 10 11 | 11.7
Invocations    | 3 4 5 |  5.0
Throwing       | 3 |  3.4

Action                     |  1- 3 |  4- 6 |  7- 9 | 10-12 || total
---------------------------+-------+-------+-------+-------++-------
  Melee: War axe           |    66 |   148 |   349 |   125 ||   688
         Headbutt          |     8 |    22 |    62 |   154 ||   246
         Hand axe          |       |       |       |   455 ||   455
 Invoke: Heroism           |       |       |     2 |     7 ||     9
  Evoke: Wand              |       |       |    13 |    21 ||    34
    Use: Scroll            |       |     8 |    12 |    11 ||    31
   Stab: Petrified         |       |       |       |     8 ||     8
         Petrifying        |       |       |       |     2 ||     2
 Armour: Scale mail        |    24 |    15 |       |       ||    39
         Chain mail        |       |    38 |   185 |    97 ||   320
         Ring mail         |       |       |       |   200 ||   200
  Dodge: Dodged            |    30 |    50 |   114 |   180 ||   374
  Block: Buckler           |    11 |    21 |   104 |   140 ||   276
